Map: Central Protocol

Players

Grumm - Winner!

  • Race: Protoss Protoss
  • League: Gold

CallmeSid

  • Race: Terran Terran
  • League: Gold

VOD

Have the link to the VOD?

Description

Time

  • Played on: Feb. 3, 2016, 4:41 p.m.
  • Length: 10:41
Show
View Real Time Build Order
Export as new Build Order

Grumm Protoss - Winner!

Build Orders:  

Get SALT Encoding   

  12  0:01  Probe (Chrono Boost)  
  13  0:11  Probe (Chrono Boost)  
  14  0:24  Pylon  
  14  0:28  Probe (Chrono Boost)  
  15  0:45  Gateway  
  15  0:48  Gateway  
  15  0:52  Probe (Chrono Boost)  
  16  1:03  Pylon  
  16  1:05  Probe (Chrono Boost)  
  16  1:10  Assimilator  
  17  1:35  Cybernetics Core, Zealot x2  
  21  2:07  Nexus  
  20  2:16  Adept  
  22  2:24  Adept  
  24  2:35  Warp Gate  
  24  2:40  Probe (Chrono Boost)  
  25  2:54  Stalker  
  25  3:23  Probe x2 (Chrono Boost)  
  25  3:26  Stalker, Adept  
  29  4:01  Stalker, Zealot  
  29  4:02  Probe x2 (Chrono Boost)  
  35  4:07  Assimilator  
  33  4:11  Assimilator, Gateway  
  33  4:14  Forge  
  29  4:53  Pylon  
  29  4:58  Probe x2 (Chrono Boost)  
  29  4:59  Robotics Facility  
  31  5:04  Assimilator  
  31  5:10  Probe (Chrono Boost)  
  31  5:11  Probe (Chrono Boost)  
  33  5:20  Adept  
  33  5:21  Adept  
  37  5:24  Stalker  
  39  5:40  Probe x2 (Chrono Boost)  
  41  5:47  Stargate  
  41  5:50  Probe (Chrono Boost)  
  41  5:51  Probe (Chrono Boost)  
  41  5:53  Zealot x3  
  49  6:06  Immortal  
  53  6:12  Probe (Chrono Boost)  
  54  6:28  Pylon  
  54  6:31  Pylon  
  54  6:39  Pylon  
  54  6:45  Warp Prism, Oracle  
  54  6:46  Probe x2 (Chrono Boost)  
  61  6:56  Zealot x2  
  61  6:57  Zealot  
  67  7:06  Photon Cannon  
  67  7:19  Probe x2 (Chrono Boost)  
  69  7:22  Adept  
  69  7:23  Adept x2  
  75  7:34  Pylon  
  66  8:01  Stalker x3  
  54  8:21  Probe (Chrono Boost)  
  54  8:22  Probe (Chrono Boost)  
  54  8:26  Zealot x3  
  56  8:31  Photon Cannon  
  56  8:47  Zealot  
  56  8:48  Adept x2  
  47  8:55  Probe x2 (Chrono Boost)  
  51  8:56  Void Ray  
  51  9:02  Photon Cannon  
  55  9:06  Pylon, Probe (Chrono Boost), Photon Cannon  
  55  9:08  Photon Cannon  
  52  9:15  Zealot x2  
  52  9:16  Zealot  
  52  9:20  Gateway  
  52  9:21  Immortal  
  52  9:30  Robotics Bay  
  52  9:36  Pylon  
  52  9:41  Stalker x3  
  52  10:27  Stalker x3  
Show
View Real Time Build Order
Export as new Build Order

CallmeSid Terran 

Build Orders: Reaper Expand, MMM Bio 

Get SALT Encoding   

  12  0:01  SCV  
  13  0:13  SCV  
  14  0:18  Supply Depot  
  14  0:27  SCV  
  15  0:41  Barracks  
  15  0:45  Refinery, SCV  
  16  0:57  SCV  
  17  1:09  SCV  
  18  1:29  Orbital Command  
  18  1:30  Supply Depot  
  18  1:31  Reaper  
  19  2:00  SCV  
  20  2:08  Command Center  
  20  2:12  Barracks Reactor, SCV  
  21  2:21  Barracks  
  21  2:24  SCV  
  21  2:49  Marine  
  23  2:56  Marine  
  23  3:02  SCV  
  24  3:11  Marine  
  24  3:14  Marine, SCV  
  24  3:15  Supply Depot  
  24  3:17  Bunker  
  24  3:19  Bunker  
  23  3:29  Marine  
  23  3:31  Barracks  
  23  3:32  Marine  
  25  3:57  Supply Depot  
  23  4:04  Marine  
  23  4:06  Marine  
  23  4:24  Supply Depot x2, Barracks Tech Lab  
  23  4:35  Marine  
  23  4:45  Stimpack  
  21  4:47  SCV  
  21  4:48  Marine  
  21  4:49  Marine  
  24  4:53  Marine  
  24  4:59  SCV  
  26  5:06  Marine  
  27  5:07  Marine  
  27  5:11  Factory, Marine, SCV  
  30  5:18  Supply Depot  
  30  5:19  Supply Depot  
  30  5:24  Marine  
  31  5:32  Marine  
  31  5:40  Marine  
  31  5:41  Refinery  
  31  5:42  Marine  
  33  5:50  Marine  
  33  5:51  SCV  
  35  5:57  Marine  
  35  5:59  Marine  
  35  6:00  Factory Reactor  
  35  6:01  Supply Depot  
  35  6:03  SCV  
  38  6:08  Marine  
  39  6:15  Marine, SCV  
  39  6:17  Marine  
  42  6:22  Supply Depot  
  42  6:25  Marine  
  42  6:28  SCV  
  44  6:33  Marine  
  44  6:35  Marine  
  46  6:40  SCV  
  46  6:41  Starport  
  47  6:51  Engineering Bay  
  47  7:00  SCV  
  48  7:01  Combat Shields  
  48  7:12  SCV  
  49  7:18  Barracks Reactor  
  50  7:23  Barracks Reactor  
  50  7:25  Medivac  
  51  7:30  Marine  
  52  7:37  Missile Turret  
  52  7:44  Medivac  
  52  7:47  Marine  
  38  8:08  Marine x2  
  38  8:09  Marine  
  16  9:11  Marine  
  14  9:33  Marine  
  15  9:47  Marine  
  16  9:54  Marine  
  17  10:00  Marine  
Tags
 
Add a new tag
Caveats
  • Supply blocks, unpowered buildings, or Contaminate may cause inaccurate times.
  • Supply counts are checked every 10 seconds.